AoeStats
← Kiliethink

Arabia

508305907Analyzed
1v1 RM · 10d ago on Sep 21, 2026· 33m 24s· 2 players
Game mode
Random Map
Map size
Tiny (2 player)
Population
200
Speed
Normal
Resources
Standard
Victory
Conquest
Starting age
Dark Age
Ending age
Imperial Age
RankedLock teamsTeams togetherTeam positionsShared explorationLock speedFull tech treeHidden civsTurbo modeCheats
Victory
Defeat
🇩🇪 Bulgarians · Germany
1462
+13
🇫🇷 Turks · France
1393
-13
JuG
6:30 Loom
8:53 Feudal Age
17:48 Fletching
21:10 Castle Age
19:48 Double-Bit Axe
20:23 Padded Archer Armor
20:15 Horse Collar
21:12 Crossbowman
21:50 Bodkin Arrow
23:44 Wheelbarrow
23:18 Heavy Plow
25:35 Town Watch
26:40 Husbandry
28:22 Ballistics
30:23 Bloodlines
33:47 Hand Cart
Kiliethink
7:09 Loom
9:41 Feudal Age
10:37 Double-Bit Axe
20:43 Castle Age
19:03 Bloodlines
18:46 Gold Mining
20:19 Scale Barding Armor
20:25 Forging
20:05 Horse Collar
22:03 Chain Barding Armor
23:05 Husbandry
25:35 Bow Saw
32:38 Iron Casting
Connection lost

Rejoining the realm…

Still unreachable

The connection could not be restored.

Session expired

The server has moved on; the page needs a fresh start.